 Dungeon Crawl Stone Soup version 0.31.0-11-ge490571c62 (webtiles) character file.

Game seed: 5563691606757592086

379 qw the Ducker (level 6, -2/30 HPs)
             Began as a Spriggan Hunter on Feb 4, 2024.
             Slain by a river rat (3 damage)
             ... in a sewer.
             The game lasted 00:00:11 (2942 turns).

qw the Ducker (Spriggan Hunter)                     Turns: 2942, Time: 00:00:12

Health: -2/30      AC:  2    Str:  9    XL:     6   Next: 45%
Magic:  7/7        EV: 22    Int: 10    God:
Gold:   204        SH:  5    Dex: 21    Spells: 5/5 levels left

rFire   . . .        a - +0 shortbow
rCold   . . .        (shield currently unavailable)
rNeg    . . .        c - +0 robe
rPois   +            (helmet restricted)
rElec   .            (no cloak)
rCorr   .            (gloves unavailable)
SInv    +            (boots unavailable)
Will    +....        l - amulet "Neudeq" {Reflect Str+2 SH+5}
Stlth   ++           (no ring)
HPRegen 0.25/turn    (no ring)
MPRegen 0.10/turn

%: reflection
@: very quick
A: very small, no large weapons, unfitting armour, see invisible, speed 3,
poison resistance, persistent drain
a: no special abilities


You were in a sewer.
You visited 1 branch of the dungeon, and saw 4 of its levels.
You also visited: Sewer.

You collected 204 gold pieces.


Innate Abilities, Weirdness & Mutations

You are very small and have problems with some larger weapons.
You are too small for most types of armour.
You have supernaturally acute eyesight. (SInv)
You cover ground extremely quickly. (Speed+++)
Your system is resistant to poisons. (rPois)
Your health recovers twice as slowly from being drained.


   Skills:
 - Level 2.0 Fighting
 + Level 6.1 Ranged Weapons
 - Level 6.4 Dodging
 - Level 1.5 Stealth


You had 5 spell levels left.
You didn't know any spells.
Your spell library was empty.

Inventory:

Hand Weapons
 a - a +0 shortbow (weapon)
Armour
 c - a +0 robe (worn)
Jewellery
 l - the amulet "Neudeq" (around neck) {Reflect Str+2 SH+5}
   (You found it on level 2 of the Dungeon)

   [amulet of reflection]

   Reflect:   It reflects blocked missile attacks.
   Str+2:     It affects your strength (+2).
   SH+5:      It affects your SH (+5).
Scrolls
 b - 3 scrolls of identify
 e - a scroll of teleportation {unknown}
Potions
 f - a potion of curing
 j - a potion of might
 k - 2 potions of mutation

Dungeon Overview and Level Annotations

Branches:
Dungeon (4/15)              Sewer (1/1)
 Temple: D:4-7

Altars:
Gozag
Wu Jian


Message History

You block the river rat's attack.
You shoot an arrow.
The arrow hits the river rat but does no damage.
The river rat is severely wounded.
The river rat completely misses you. The river rat bites you!
The dart slug launches a dart at you. The slug dart misses you.
2934 ||| DRINKING potion of heal wounds.
You feel much better. The river rat misses you.
The river rat closely misses you. The dart slug misses you.
You shoot an arrow.
The arrow hits the river rat but does no damage.
The river rat is severely wounded.
The river rat barely misses you. You block the river rat's attack.
You shoot an arrow. The arrow closely misses the river rat.
The river rat bites you! The river rat bites you.
The dart slug closely misses you.
You shoot an arrow.
The arrow hits the river rat but does no damage.
The river rat is severely wounded.
The river rat completely misses you. The river rat bites you.
You block the dart slug's attack.
You shoot an arrow. The arrow hits the river rat!
You kill the river rat!
The river rat bites you! You block the river rat's attack.
You shoot an arrow. The arrow barely misses the river rat.
The dart slug launches a dart at you. The slug dart misses you.
You block the river rat's attack.
You shoot an arrow.
The arrow hits the river rat but does no damage.
The dart slug misses you. The river rat barely misses you.
You shoot an arrow. The arrow closely misses the river rat.
The river rat completely misses you. The dart slug launches a dart at you.
The slug dart hits you.
You shoot an arrow. The arrow hits the river rat.
The river rat is moderately wounded.
The river rat bites you.
You die...

~~~~~~~~~~~~~~~#
~~~~~~~~~~~~~~~#
.~~~~~~~~~~~~~~#
~~####~~####~~~#
#~.# #.~~# #.~#
#~~~# #
#~.####~~~#
#.#..#.##~~~#
#.r@.'.##~~.#
#.w..'?##~~~#
#.#..#?##~~~#
###..####%~~#
#..# #~~~# #..#
#~~~# #..# #~~~#
+..+ #~~~# #.~~#


You could see a river rat and a dart slug.

Vanquished Creatures
  A brain worm (Sewer)
  A scorpion (D:4)
  4 gnolls (D:2)
  9 adders
  7 river rats
  2 ribbon worms (Sewer)
  11 bats
  4 endoplasms
  4 giant cockroaches
  5 goblins
  3 hobgoblins
  6 jackals
  4 quokkas
  8 ball pythons
  3 frilled lizards (D:1)
  3 kobolds
  4 rats
79 creatures vanquished.

Notes
Turn   | Place    | Note
-------+----------+-------------------------------------------
     0 | D:1      | qw the Spriggan Hunter began the quest for the Orb.
     0 | D:1      | Reached XP level 1. HP: 10/10 MP: 2/2
     0 | D:1      | 0 ||| qw: Version: 0.3-a-160-g6735b56
     0 | D:1      | 0 ||| qw: Game counter: 4506
     0 | D:1      | 0 ||| qw: Melee chars always use a shield: true
     0 | D:1      | 0 ||| qw: God list: Okawaru
     0 | D:1      | 0 ||| qw: Allow faded altars: false
     0 | D:1      | 0 ||| qw: Do Orc after clearing Dungeon:15 true
     0 | D:1      | 0 ||| qw: Do second Lair branch before Depths: true
     0 | D:1      | 0 ||| qw: Lair rune preference: random
     0 | D:1      | 0 ||| qw: Goals: Normal
     0 | D:1      | 0 ||| PLANNING D:1-11
    37 | D:1      | Reached skill level 3 in Dodging
   202 | D:1      | Reached XP level 2. HP: 14/14 MP: 3/3
   645 | D:1      | 645 ||| READING scroll labelled HACIRE TATZ.
   646 | D:1      | 646 ||| READING scroll labelled WYUSUTH ACEEKH.
   646 | D:1      | 646 ||| IDENTIFYING golden potion
   647 | D:1      | 647 ||| READING scroll labelled KOTUXKOOBI.
   648 | D:1      | 648 ||| READING scroll labelled RIPNON QAD ZOO.
   649 | D:1      | 649 ||| DRINKING 2 murky amethyst potions.
   650 | D:1      | 650 ||| DROPPING scroll of butterflies.
   651 | D:1      | 651 ||| DROPPING potion of brilliance.
   652 | D:1      | 652 ||| DROPPING potion of attraction.
   777 | D:2      | Reached XP level 3. HP: 18/18 MP: 4/4
   913 | D:2      | 913 ||| RETREEEEATING.
   915 | D:2      | 915 ||| FLEEEEING.
   916 | D:2      | 916 ||| FLEEEEING.
   918 | D:2      | 918 ||| FLEEEEING.
   919 | D:2      | 919 ||| FLEEEEING.
   920 | D:2      | 920 ||| FLEEEEING.
   921 | D:2      | 921 ||| FLEEEEING.
   922 | D:2      | 922 ||| FLEEEEING.
   923 | D:2      | 923 ||| FLEEEEING.
   926 | D:2      | 926 ||| FLEEEEING.
   930 | D:2      | 930 ||| FLEEEEING.
   990 | D:2      | Reached XP level 4. HP: 16/22 MP: 5/5
   990 | D:2      | 990 ||| FLEEEEING.
   991 | D:2      | 991 ||| FLEEEEING.
  1255 | D:2      | Identified the amulet "Neudeq" {Reflect Str+2 SH+5}
  1405 | D:2      | 1405 ||| UPGRADING to amulet "Neudeq" {Reflect Str+2 SH+5}.
  1410 | D:2      | 1410 ||| READING 3 scrolls of identify.
  1410 | D:2      | 1410 ||| IDENTIFYING emerald potion
  1411 | D:2      | 1411 ||| READING 2 scrolls of identify.
  1411 | D:2      | 1411 ||| IDENTIFYING dark potion
  1412 | D:2      | 1412 ||| READING scroll of identify.
  1412 | D:2      | 1412 ||| IDENTIFYING yellow potion
  1413 | D:2      | 1413 ||| READING 2 scrolls labelled MIFACL SIEWAA.
  1414 | D:2      | 1414 ||| READING scroll labelled CEB TUEPAUNYVO.
  1415 | D:2      | 1415 ||| DRINKING 2 fuming silvery potions.
  1416 | D:2      | 1416 ||| DRINKING 3 bubbling puce potions.
  1416 | D:2      | Gained mutation: Your health recovers twice as slowly from
                  | being drained. [potion of mutation]
  1416 | D:2      | Gained mutation: Your system is resistant to poisons.
                  | (rPois) [potion of mutation]
  1417 | D:2      | 1417 ||| DROPPING potion of degeneration.
  1418 | D:2      | 1418 ||| DROPPING potion of invisibility.
  1419 | D:2      | 1419 ||| DROPPING scroll of revelation.
  1434 | D:3      | Found an opulent altar of Gozag.
  1818 | D:3      | Found an ornate altar of the Wu Jian Council.
  2326 | D:3      | 2326 ||| DROPPING scarf of harm.
  2327 | D:3      | 2327 ||| DROPPING ring of flight.
  2328 | D:3      | 2328 ||| READING 3 scrolls of identify.
  2328 | D:3      | 2328 ||| IDENTIFYING fuming black potion
  2329 | D:3      | 2329 ||| READING 2 scrolls of identify.
  2329 | D:3      | 2329 ||| IDENTIFYING scroll labelled TAT YFREAXTIPT
  2330 | D:3      | 2330 ||| DROPPING scroll of torment.
  2364 | D:4      | Noticed a scorpion
  2365 | D:4      | 2365 ||| PLANNING SEWER
  2383 | D:4      | Killed a scorpion
  2384 | D:4      | Reached XP level 5. HP: 9/26 MP: 6/6
  2613 | D:4      | Reached skill level 6 in Ranged Weapons
  2615 | D:4      | 2615 ||| FLEEEEING.
  2650 | D:4      | HP: 6/26 [river rat (9)]
  2651 | D:4      | 2651 ||| DRINKING 2 potions of heal wounds.
  2661 | D:4      | Reached XP level 6. HP: 10/30 MP: 7/7
  2695 | D:4      | 2695 ||| FLEEEEING.
  2743 | D:4      | Found a glowing drain.
  2749 | Sewer    | Entered a sewer
  2811 | Sewer    | Reached skill level 6 in Dodging
  2933 | Sewer    | HP: 5/30 [river rat (7)]
  2934 | Sewer    | 2934 ||| DRINKING potion of heal wounds.
  2938 | Sewer    | HP: 3/30 [river rat (9)]
  2941 | Sewer    | HP: 1/30 [dart slug/slug dart (3)]
  2942 | Sewer    | Slain by a river rat

Levels and vault maps discovered:
D:1:      heliophobic_arrival_henge, layout_loops_ring
D:2:      layout_basic
D:3:      layout_loops_corners, mainiacjoe_overflow_cross_hatched,
          nicolae_gozag_seed_capital, minmay_quantized
D:4:      layout_rooms, lightli_sewer_entry_pipes, minmay_diced_spiral
Sewer:    sewer_fruit_machine

Skill      XL: |  1  2  3  4  5  6 |
---------------+-------------------+-----
Dodging        | 3 4 5 6 |  6.4
Ranged Weapons | 5 6 |  6.1
Fighting       | 2 |  2.0
Stealth        | |  1.5

Action                     |  1- 3 |  4- 6 || total
---------------------------+-------+-------++-------
   Fire: Shortbow          |    93 |   194 ||   287
    Use: Scroll            |     4 |     7 ||    11
         Potion            |     1 |     4 ||     5
 Armour: Robe              |    11 |    32 ||    43
  Dodge: Dodged            |    36 |   113 ||   149
  Block: Other             |       |    20 ||    20

Table legend:
 A = Non-vault XP
 B = Vault XP
 C = Vault XP percentage of total XP
 D = Non-vault monster count
 E = Vault monster count
 F = Vault count percentage of total count
                 A         B        C        D         E       F
            +---------+---------+-------+---------+---------+-------
      Total |     232 |     310 |  57.2 |      47 |      32 |  40.5
            +---------+---------+-------+---------+---------+-------
        D:1 |      30 |       0 |   0.0 |      19 |       0 |   0.0
        D:2 |     100 |       0 |   0.0 |      22 |       0 |   0.0
        D:3 |      19 |      30 |  61.2 |       5 |       4 |  44.4
        D:4 |      83 |     120 |  59.1 |       1 |      10 |  90.9
      Sewer |       0 |     160 | 100.0 |       0 |      18 | 100.0
            +---------+---------+-------+---------+---------+-------
